[Event "Titled Tuesday Blitz April 05 Early 2022"]
[White "Arabidze, Meri"]
[Black "Kobalia, Mikhail"]
[WhiteFideId "13604040"]
[BlackFideId "4119150"]
[WhiteElo "2335"]
[BlackElo "2667"]
[Result "0-1"]
[Round "06"]
[TimeControl "180+1"]
[Date "2022.04.05"]
[WhiteClock "0:00:03"]
[BlackClock "0:00:10"]

1. Nf3 d5 2. e3 Nf6 3. b3 Bg4 4. h3 Bh5 5. Bb2 Nbd7 6. Be2 e6 7. c4 Bd6 8. O-O O-O 9. d4 c6 10. Nbd2 Qe7 11. Ne5 Bxe2 12. Qxe2 Bb4 13. Ndf3 Ne4 14. a3 Bd6 15. b4 Rfd8 16. c5 Bxe5 17. dxe5 b6 18. Nd4 Rdc8 19. cxb6 axb6 20. b5 Nxe5 21. f4 Nc4 22. Nxc6 Qd7 23. Bd4 f6 24. Qd3 Qd6 25. a4 e5 26. fxe5 fxe5 27. Bc3 Qc5 28. Nxe5 Qxe3+ 29. Qxe3 Nxe3 30. Bd4 Nxf1 31. Rxf1 Rxa4 32. Bxb6 Rb4 33. Nc6 Rxc6 34. bxc6 Rxb6 35. Rc1 Rb8 36. c7 Rc8 37. g4 Kf7 38. Kg2 Ke6 39. Kf3 Kd6 40. Kf4 Rxc7 41. Ra1 Rf7+ 42. Ke3 Ke5 43. Ra5 Rb7 44. h4 Rb3+ 45. Ke2 h6 46. Ra7 d4 47. Rxg7 d3+ 48. Ke3 d2+ 49. Ke2 Rb1 50. Re7+ Kf4 51. Rd7 Re1+ 0-1


[Site "https://www.chess.com"]

[Event "Titled Tuesday Blitz April 05 Early 2022"]
[White "Araujo Filho, Luiz Antonio Coel"]
[Black "Muradov, Soltan"]
[WhiteFideId "2130661"]
[BlackFideId "14002108"]
[WhiteElo "2257"]
[BlackElo "1854"]
[Result "0-1"]
[Round "06"]
[TimeControl "180+1"]
[Date "2022.04.05"]
[WhiteClock "0:00:03"]
[BlackClock "0:00:18"]

1. d4 Nf6 2. Nf3 e6 3. e3 b6 4. Bd3 Bb7 5. Nbd2 c5 6. Qe2 d5 7. c3 Nbd7 8. e4 dxe4 9. Nxe4 Nxe4 10. Bxe4 Bxe4 11. Qxe4 Nf6 12. Qc6+ Nd7 13. O-O Rc8 14. Qe4 Bd6 15. Bg5 Qc7 16. Rad1 O-O 17. Rfe1 h6 18. Bh4 Rfe8 19. d5 exd5 20. Qxd5 Rxe1+ 21. Nxe1 Re8 22. Nf3 Re6 23. Bg3 Bxg3 24. Qxd7 Qxd7 25. Rxd7 Rd6 26. Rxd6 Bxd6 27. Kf1 g6 28. Ke2 h5 29. Kd3 Kg7 30. Kc4 Kf6 31. Kd5 Bf4 32. Kc6 g5 33. g3 Bc1 34. b3 Kf5 35. Kb7 Kg4 36. Ng1 Bd2 37. Kxa7 b5 38. Kb6 b4 39. c4 Be1 40. f3+ Kf5 41. Ne2 Bf2 42. Nc1 g4 43. fxg4+ Kxg4 44. Nd3 Be3 45. Nxc5 Kh3 46. Kb5 Kxh2 47. Kxb4 Kxg3 48. a4 Kf3 49. Nd3 h4 0-1


[Site "https://www.chess.com"]

[Event "Titled Tuesday Blitz April 05 Early 2022"]
[White "Ardila, Oscar Humberto"]
[Black "Koc, Przemyslaw"]
[WhiteFideId "4404742"]
[BlackFideId "1109081"]
[WhiteElo "1983"]
[BlackElo "2141"]
[Result "0-1"]
[Round "06"]
[TimeControl "180+1"]
[Date "2022.04.05"]
[WhiteClock "0:00:01"]
[BlackClock "0:00:14"]

1. d4 f5 2. c4 Nf6 3. Nc3 g6 4. Nf3 Bg7 5. g3 O-O 6. Bg2 d6 7. O-O Qe8 8. d5 Na6 9. Qc2 c5 10. a3 h6 11. Rd1 g5 12. e3 Qh5 13. Bd2 Bd7 14. Rab1 Ne4 15. b4 b6 16. b5 Nc7 17. a4 Ne8 18. Rf1 N8f6 19. Ne1 g4 20. Nxe4 Nxe4 21. Bxe4 fxe4 22. Ng2 e5 23. dxe6 Bxe6 24. Nf4 Rxf4 25. exf4 d5 26. cxd5 Bxd5 27. Be3 Qf7 28. Rfd1 h5 29. Rd2 h4 30. Rbd1 Bb3 31. Qxe4 Re8 32. Qc6 Bxd1 33. Rxd1 h3 34. Qd5 Qxd5 35. Rxd5 Re4 36. Rg5 Rxa4 37. Kf1 Ra1+ 38. Ke2 Rh1 39. Rxg4 Rxh2 40. Rh4 Rh1 41. Kf3 Kf7 42. f5 Rb1 43. Rxh3 Rxb5 44. g4 c4 45. Rh1 c3 46. Rc1 a5 47. Ke4 Rb4+ 48. Kf3 Rb5 49. Ke4 Re5+ 50. Kd3 Rd5+ 51. Ke4 Rd6 52. g5 b5 53. g6+ Ke8 54. f4 b4 55. Bc5 Rd7 56. Kf3 b3 57. Re1+ Kd8 58. Kg4 b2 59. Kg5 c2 60. f6 c1=Q 61. fxg7 Qxc5+ 0-1


[Site "https://www.chess.com"]

[Event "Titled Tuesday Blitz April 05 Early 2022"]
[White "Baches Garcia, Guillermo"]
[Black "Piesik, Piotr"]
[WhiteFideId "2209764"]
[BlackFideId "1136194"]
[WhiteElo "2474"]
[BlackElo "2190"]
[Result "1-0"]
[Round "06"]
[TimeControl "180+1"]
[Date "2022.04.05"]
[WhiteClock "0:00:14"]
[BlackClock "0:00:01"]

1. e4 g6 2. d4 Bg7 3. Be3 c6 4. Nc3 d5 5. e5 Nh6 6. f4 Ng4 7. Qd2 h5 8. Nf3 Nxe3 9. Qxe3 Bf5 10. O-O-O e6 11. Bd3 Bf8 12. g3 Be7 13. h3 Qa5 14. Kb1 Nd7 15. Rdg1 O-O-O 16. g4 hxg4 17. hxg4 Rxh1 18. Rxh1 Bxg4 19. Rh7 Bb4 20. Ne2 Bf5 21. Ng5 Bd2 22. Qf3 Bxd3 23. cxd3 c5 24. Nxf7 Rf8 25. Nd6+ Kc7 26. Qg4 Be3 27. Nc3 Rxf4 28. Nxd5+ Kc6 29. Nxf4 Qe1+ 30. Kc2 Qc1+ 31. Kb3 Bxd4 32. Qg2+ Kb6 33. Qxb7+ 1-0


[Site "https://www.chess.com"]

[Event "Titled Tuesday Blitz April 05 Early 2022"]
[White "Baker, Chris W"]
[Black "Petrovic, Aleksa"]
[WhiteFideId "401676"]
[BlackFideId "967629"]
[WhiteElo "2146"]
[BlackElo "2198"]
[Result "0-1"]
[Round "06"]
[TimeControl "180+1"]
[Date "2022.04.05"]
[WhiteClock "0:02:15"]
[BlackClock "0:02:26"]

1. e4 c5 2. Nf3 e6 3. d4 cxd4 4. Nxd4 a6 5. Nc3 Qc7 6. Bd3 Nf6 7. O-O Nc6 8. Nxc6 dxc6 9. Bg5 Be7 10. Kh1 h5 11. Qe2 Ng4 12. f4 Bxg5 0-1


[Site "https://www.chess.com"]

[Event "Titled Tuesday Blitz April 05 Early 2022"]
[White "Bas Mas, Jose Joaquin"]
[Black "Becerra, Juan David"]
[WhiteFideId "22219064"]
[BlackFideId "4404998"]
[WhiteElo "2212"]
[BlackElo "2277"]
[Result "0-1"]
[Round "06"]
[TimeControl "180+1"]
[Date "2022.04.05"]
[WhiteClock "0:00:10"]
[BlackClock "0:00:07"]

1. e4 e5 2. Nc3 Nc6 3. g3 Nf6 4. Bg2 Bc5 5. Nge2 Ng4 6. O-O h5 7. Na4 Bb4 8. c3 Be7 9. d4 d6 10. f3 b5 11. fxg4 Bxg4 12. h3 Bd7 13. b3 bxa4 14. bxa4 O-O 15. Be3 Bg5 16. Qd2 Bxe3+ 17. Qxe3 Qe7 18. Qf3 g6 19. Rab1 Rab8 20. d5 Na5 21. Rb4 c5 22. dxc6 Nxc6 23. Rbb1 Rxb1 24. Rxb1 Rb8 25. Rxb8+ Nxb8 26. a5 Na6 27. Nc1 Qd8 28. Nb3 Be6 29. Qd3 Nb8 30. Qb5 Nd7 31. Kh2 Qc7 32. Bf1 Nc5 33. Nxc5 Qxc5 34. Qxc5 dxc5 35. a3 Kf8 36. Bb5 Ke7 37. h4 Bb3 38. Kg2 Kd6 39. Kf3 Be6 40. Ke3 Ke7 41. Ba6 f6 42. Bb7 g5 43. hxg5 fxg5 44. Kd3 h4 45. gxh4 gxh4 46. Ke3 Kd8 47. Ba6 Kc7 48. Bf1 Kc6 49. Be2 c4 50. Kf2 Kb5 51. Kg2 Kxa5 52. Bd1 Kb5 53. Kf3 Kc5 54. Ke3 Bd7 55. Kf3 a6 56. Ke3 h3 57. Kf2 h2 58. Kg2 Bc6 59. Bf3 Kb5 60. Kxh2 Ka4 61. Kg3 Kxa3 62. Kg4 Kb3 63. Kf5 Kxc3 64. Kxe5 a5 65. Be2 a4 66. Kd6 Bxe4 67. Kc5 Bd3 68. Bd1 a3 0-1


[Site "https://www.chess.com"]

[Event "Titled Tuesday Blitz April 05 Early 2022"]
[White "Bashirli, Saadat"]
[Black "Horcajuelo Rocamora, Martin"]
[WhiteFideId "13429990"]
[BlackFideId "24573027"]
[WhiteElo "1173"]
[BlackElo "1822"]
[Result "1/2-1/2"]
[Round "06"]
[TimeControl "180+1"]
[Date "2022.04.05"]
[WhiteClock "0:00:50"]
[BlackClock "0:00:46"]

1. d4 Nf6 2. Bg5 c5 3. dxc5 e6 4. e4 Nc6 5. Nc3 Bxc5 6. Nf3 h6 7. Bxf6 Qxf6 8. Bd3 O-O 9. O-O a6 10. Re1 d6 11. Qd2 b5 12. e5 Nxe5 13. Nxe5 dxe5 14. Ne4 Qe7 15. Nxc5 Qxc5 16. Qe2 Bb7 17. Qxe5 Qxe5 18. Rxe5 Rfd8 19. Rae1 Rac8 20. R5e3 Kf8 21. f3 Bd5 22. a3 f6 23. Kf2 e5 24. Bf5 Rb8 25. Rd3 Bc4 26. Rxd8+ Rxd8 27. Ke3 Ke7 28. h3 g6 29. Be4 f5 30. Bd3 Bxd3 31. cxd3 Rc8 32. Kd2 Kd6 33. g4 Kd5 34. gxf5 gxf5 35. Rg1 Rc6 36. Rg7 Rd6 37. Rf7 Ke6 38. Rh7 Kd5 39. Rf7 Ke6 40. Rh7 Kd5 41. Rf7 1/2-1/2


[Site "https://www.chess.com"]

[Event "Titled Tuesday Blitz April 05 Early 2022"]
[White "Begunov, Konstantin"]
[Black "Yushko, Olga"]
[WhiteFideId "4118510"]
[BlackFideId "14114500"]
[WhiteElo "2262"]
[BlackElo "2028"]
[Result "1-0"]
[Round "06"]
[TimeControl "180+1"]
[Date "2022.04.05"]
[WhiteClock "0:00:08"]
[BlackClock "0:00:03"]

1. d4 e6 2. c4 f5 3. Nc3 Nf6 4. Bg5 Be7 5. Qc2 Nc6 6. O-O-O O-O 7. f3 d6 8. e4 e5 9. dxe5 Nxe5 10. exf5 Qe8 11. g4 Nfxg4 12. Bxe7 Bxf5 13. Qd2 Qxe7 14. fxg4 Nxg4 15. Bg2 Rae8 16. Bxb7 Qh4 17. Nf3 Qh3 18. Nd4 Bg6 19. Bd5+ Kh8 20. Rde1 Rd8 21. Ne6 Rf2 22. Re2 Rxe2 23. Qxe2 Re8 24. Rg1 Nf6 25. Qg2 Qe3+ 26. Kd1 Bh5+ 27. Kc2 Bg6+ 28. Kb3 Qb6+ 29. Ka3 Qa5+ 30. Na4 c6 31. Nf4 Re3+ 32. b3 c5 33. Nxg6+ hxg6 34. Qc2 Qb4+ 35. Kb2 Nxd5 36. cxd5 Qd4+ 37. Nc3 a5 38. Rd1 Qb4 39. Rd3 Re7 40. Rg3 Qd4 41. Qxg6 Qd2+ 42. Qc2 Qd4 43. Rd3 Qf4 44. Rh3+ Kg8 45. Qh7+ Kf7 46. Qh5+ Kf8 47. Rf3 Rf7 48. Rxf4 Rxf4 49. Qg5 Rf6 50. Ka3 Ke7 51. Ne4 1-0


[Site "https://www.chess.com"]

[Event "Titled Tuesday Blitz April 05 Early 2022"]
[White "Biletskiy, Danylo"]
[Black "Namitbir Singh Walia"]
[WhiteFideId "14155419"]
[BlackFideId "35071068"]
[WhiteElo "2087"]
[BlackElo "1565"]
[Result "0-1"]
[Round "06"]
[TimeControl "180+1"]
[Date "2022.04.05"]
[WhiteClock "0:01:31"]
[BlackClock "0:00:14"]

1. e4 c5 2. Nf3 Nc6 3. Bb5 g6 4. O-O Bg7 5. Re1 e6 6. c3 Nge7 7. d4 cxd4 8. cxd4 d5 9. e5 O-O 10. b3 Bd7 11. Ba3 Nxe5 12. Nxe5 Bxb5 13. Nc3 Bd7 14. Rc1 Rc8 15. Qd3 Re8 16. Nxd7 Qxd7 17. Na4 Nf5 18. Nc5 Qc6 19. Bb2 b6 20. Na4 Qd7 21. g3 Nd6 22. Nc3 Rc7 23. Ba3 Rec8 24. Bxd6 Qxd6 25. Nb5 Rxc1 26. Nxd6 Rxe1+ 27. Kg2 Rf8 28. Qa6 Bxd4 29. Qxa7 Re2 30. Nb5 Rxf2+ 31. Kh3 Bc5 32. a3 Ra2 33. b4 Bg1 34. Kg4 Rxh2 35. a4 h5+ 36. Kg5 Be3+ 37. Kf6 Rf2+ 38. Ke7 Bg5+ 39. Kd6 Rd8+ 40. Ke5 Bf6# 0-1


[Site "https://www.chess.com"]

[Event "Titled Tuesday Blitz April 05 Early 2022"]
[White "Bongo Akanga Ndjila, Barthelemy"]
[Black "Heinemann, Josefine"]
[WhiteFideId "10609431"]
[BlackFideId "12900460"]
[WhiteElo "1768"]
[BlackElo "2300"]
[Result "1-0"]
[Round "06"]
[TimeControl "180+1"]
[Date "2022.04.05"]
[WhiteClock "0:00:57"]
[BlackClock "0:00:42"]

1. d4 Nf6 2. c4 c6 3. Nc3 d5 4. Nf3 dxc4 5. e4 b5 6. Be2 e6 7. O-O Be7 8. e5 Nd5 9. Ne4 O-O 10. Bg5 Nd7 11. Bxe7 Qxe7 12. Nd6 a6 13. a4 N7b6 14. axb5 cxb5 15. b3 cxb3 16. Qxb3 Bd7 17. h4 Rfb8 18. Rfe1 Nc8 19. Ne4 Bc6 20. Qc2 Bb7 21. Nfg5 g6 22. Bf3 Ncb6 23. Nc5 Nb4 24. Qe2 Bxf3 25. Qxf3 N6d5 26. Nce4 a5 27. h5 a4 28. hxg6 fxg6 29. Nf6+ Nxf6 30. exf6 Qd7 31. f7+ Kh8 32. Qf6# 1-0


[Site "https://www.chess.com"]

[Event "Titled Tuesday Blitz April 05 Early 2022"]
[White "Brodowski, Piotr"]
[Black "Butti, Enrique"]
[WhiteFideId "1124480"]
[BlackFideId "3700470"]
[WhiteElo "2422"]
[BlackElo "2080"]
[Result "1-0"]
[Round "06"]
[TimeControl "180+1"]
[Date "2022.04.05"]
[WhiteClock "0:00:55"]
[BlackClock "0:00:09"]

1. e4 c5 2. Nf3 d6 3. Bb5+ Bd7 4. Bxd7+ Qxd7 5. O-O Nc6 6. Re1 e6 7. b3 Nf6 8. Bb2 Be7 9. d4 cxd4 10. Nxd4 O-O 11. c4 a6 12. Nc3 Nxd4 13. Qxd4 b5 14. Rad1 bxc4 15. Qxc4 Rfc8 16. Qe2 Qb7 17. h3 Nd7 18. Na4 Nb6 19. Qg4 e5 20. Nxb6 Qxb6 21. Rc1 Qb7 22. Ba3 h6 23. Red1 Rxc1 24. Rxc1 a5 25. Qf3 a4 26. b4 Rc8 27. Rxc8+ Qxc8 28. Qd3 Qb7 29. b5 Qb6 30. Bc1 Bd8 31. Be3 Qb8 32. Qc4 Bb6 33. Qxa4 Bxe3 34. fxe3 Qb6 35. Qb3 1-0


[Site "https://www.chess.com"]

[Event "Titled Tuesday Blitz April 05 Early 2022"]
[White "Buscar, Michael"]
[Black "Weetik, Vjacheslav"]
[WhiteFideId "2603616"]
[BlackFideId "4153472"]
[WhiteElo "2010"]
[BlackElo "2469"]
[Result "0-1"]
[Round "06"]
[TimeControl "180+1"]
[Date "2022.04.05"]
[WhiteClock "0:01:35"]
[BlackClock "0:01:39"]

1. Nf3 Nf6 2. g3 d5 3. Bg2 Bf5 4. O-O e6 5. d4 Nbd7 6. c4 c6 7. Nbd2 Be7 8. b3 Ne4 9. Bb2 O-O 10. Ne5 Nxe5 11. dxe5 Nxd2 12. Qxd2 dxc4 13. Qxd8 Rfxd8 14. e4 Bg6 15. Rfd1 cxb3 16. axb3 a6 17. Bd4 Bh5 18. Rd2 Bb4 0-1


[Site "https://www.chess.com"]

[Event "Titled Tuesday Blitz April 05 Early 2022"]
[White "Chincholimath, Halsagar"]
[Black "Khamdamova, Afruza"]
[WhiteFideId "5022487"]
[BlackFideId "14210444"]
[WhiteElo "1737"]
[BlackElo "1660"]
[Result "1-0"]
[Round "06"]
[TimeControl "180+1"]
[Date "2022.04.05"]
[WhiteClock "0:00:20"]
[BlackClock "0:00:16"]

1. e4 e5 2. Nf3 Nf6 3. d4 Nxe4 4. dxe5 Bc5 5. Be3 Bxe3 6. fxe3 d5 7. exd6 Nxd6 8. Bd3 Qe7 9. O-O Qxe3+ 10. Kh1 O-O 11. Nc3 Qc5 12. Nd5 Bf5 13. Ne7+ Kh8 14. Nxf5 Nxf5 15. b4 Qd5 16. c4 Qd7 17. Ne5 Qe6 18. Rxf5 g6 19. Rh5 gxh5 20. Qxh5 h6 21. Re1 Qf6 22. Rf1 Qg7 23. Nxf7+ Kg8 24. Nxh6+ Kh8 25. Rxf8+ Qxf8 26. Qe5+ Qg7 27. Qe8+ 1-0


[Site "https://www.chess.com"]

[Event "Titled Tuesday Blitz April 05 Early 2022"]
[White "Coto Mederos, Michel"]
[Black "Todorovic, Bojan"]
[WhiteFideId "3508528"]
[BlackFideId "917087"]
[WhiteElo "2427"]
[BlackElo "2266"]
[Result "1-0"]
[Round "06"]
[TimeControl "180+1"]
[Date "2022.04.05"]
[WhiteClock "0:00:17"]
[BlackClock "0:00:07"]

1. c4 Nf6 2. Nc3 e6 3. e4 e5 4. Nf3 Nc6 5. Be2 Bb4 6. d3 h6 7. a3 Bxc3+ 8. bxc3 d6 9. O-O O-O 10. h3 b6 11. Be3 Bb7 12. Nh2 Ne7 13. f4 exf4 14. Bxf4 Ng6 15. Be3 Qe7 16. Ng4 Nxg4 17. Bxg4 Ne5 18. Be2 f5 19. Rxf5 Rxf5 20. exf5 Nxc4 21. Bf4 Ne3 22. Qd2 Nxf5 23. Rf1 Re8 24. Bg4 Nh4 25. Rf2 Qe1+ 26. Kh2 Qxd2 27. Bxd2 Nxg2 28. Rxg2 Bxg2 29. Kxg2 Re5 30. c4 h5 31. Bf3 g6 32. h4 Kf7 33. Be4 a6 34. Kf3 b5 35. Kf4 bxc4 36. dxc4 Rc5 37. Bd3 c6 38. Bb4 1-0


[Site "https://www.chess.com"]

[Event "Titled Tuesday Blitz April 05 Early 2022"]
[White "De Souza, Cristiano Gomes"]
[Black "Chernomordik, Pavel"]
[WhiteFideId "2151758"]
[BlackFideId "2804530"]
[WhiteElo "2068"]
[BlackElo "2220"]
[Result "0-1"]
[Round "06"]
[TimeControl "180+1"]
[Date "2022.04.05"]
[WhiteClock "0:00:21"]
[BlackClock "0:00:48"]

1. d4 g6 2. c4 Bg7 3. Nf3 d6 4. Nc3 Nc6 5. h3 e5 6. d5 Nce7 7. e4 h6 8. Be3 f5 9. Bd3 Nf6 10. O-O f4 11. Bd2 g5 12. Nh2 h5 13. f3 Ng6 14. Qe2 Nh4 15. b4 a6 16. Rac1 O-O 17. Be1 Ng6 18. Bf2 Rf7 19. c5 Bf8 20. a4 Rg7 21. Kh1 a5 22. cxd6 cxd6 23. bxa5 Rxa5 24. Rb1 Ra8 25. Bb6 Qe8 26. a5 g4 27. fxg4 hxg4 28. hxg4 Nh4 29. Nb5 Nxg4 30. Nc7 Qh5 31. Nxa8 Nf5 32. Qxg4 Ng3+ 33. Kg1 Bxg4 34. Rfc1 Be2 35. Rc3 f3 36. Bf2 Nxe4 37. Bxe4 Rxg2+ 0-1


[Site "https://www.chess.com"]

[Event "Titled Tuesday Blitz April 05 Early 2022"]
[White "Fier, Alexandr"]
[Black "Pinheiro, Iung Alicio de O."]
[WhiteFideId "2107139"]
[BlackFideId "2104350"]
[WhiteElo "2571"]
[BlackElo "2523"]
[Result "1-0"]
[Round "06"]
[TimeControl "180+1"]
[Date "2022.04.05"]
[WhiteClock "0:00:49"]
[BlackClock "0:00:06"]

1. d4 Nf6 2. Bg5 Ne4 3. h4 h6 4. Bf4 d5 5. e3 Bf5 6. Bd3 e6 7. Ne2 Bd6 8. f3 Nf6 9. Bxf5 exf5 10. h5 O-O 11. Qd3 Bxf4 12. Nxf4 Re8 13. Kf2 Qd7 14. b3 Na6 15. c4 dxc4 16. bxc4 c5 17. d5 Nb4 18. Qd2 Rad8 19. Nc3 Nc6 20. Rab1 Ne5 21. Qe2 b6 22. a4 Neg4+ 23. fxg4 Nxg4+ 24. Kg1 Rxe3 25. Qd2 Qd6 26. Rf1 Rde8 27. Rh3 Qe5 28. Nd1 Re4 29. Rd3 Rxc4 30. d6 Rd4 31. Rxd4 cxd4 32. d7 Rd8 33. Re1 Ne3 34. Nxe3 Qxf4 35. Nc4 Qxd2 36. Re8+ Kh7 37. Nxd2 Rxd7 38. Kf2 g6 39. hxg6+ fxg6 40. Ke2 d3+ 41. Ke3 g5 42. Nf3 Kg7 43. Kd2 f4 44. Ne5 Rd4 45. a5 bxa5 46. Re6 Ra4 47. Rg6+ Kh7 48. Ra6 Ra2+ 49. Kxd3 Rxg2 50. Ke4 Rb2 51. Kf5 Rb6 52. Rxa7+ Kg8 53. Ng4 f3 54. Ke4 Rb4+ 55. Kxf3 Rf4+ 56. Kg3 h5 57. Ne5 h4+ 58. Kh3 a4 59. Ng6 Rb4 60. Ne7+ Kf8 61. Nd5 Rd4 62. Nf6 Rb4 63. Nh7+ Ke8 64. Nxg5 Kd8 65. Ne6+ Kc8 66. Nc5 Kb8 67. Re7 Kc8 68. Re8+ Kc7 69. Na6+ Kd7 70. Ra8 Rb3+ 71. Kxh4 a3 72. Nc5+ 1-0


[Site "https://www.chess.com"]

[Event "Titled Tuesday Blitz April 05 Early 2022"]
[White "Gabdrakhmanov, Azat"]
[Black "Khripachenko, Alexander"]
[WhiteFideId "34189197"]
[BlackFideId "54184975"]
[WhiteElo "2279"]
[BlackElo "2193"]
[Result "0-1"]
[Round "06"]
[TimeControl "180+1"]
[Date "2022.04.05"]
[WhiteClock "0:00:01"]
[BlackClock "0:00:20"]

1. e4 c5 2. Nf3 d6 3. d4 cxd4 4. Nxd4 Nf6 5. Nc3 a6 6. Be3 e6 7. f3 b5 8. Qd2 Bb7 9. g4 Nfd7 10. Qf2 Ne5 11. O-O-O Nbd7 12. Kb1 Qc7 13. Rg1 Rc8 14. f4 Nc4 15. Bxc4 Qxc4 16. g5 b4 17. Na4 Bxe4 18. Rge1 d5 19. Rd2 Be7 20. f5 e5 21. f6 exd4 22. Bxd4 gxf6 23. gxf6 Bd6 24. b3 Qc6 25. Qf5 Kd8 26. Qh5 Bxc2+ 27. Kb2 Bg6 28. Qg5 Re8 29. Rxe8+ Kxe8 30. Re2+ Kd8 31. Qe3 Kc7 32. a3 bxa3+ 33. Ka2 Kb7 34. Nc3 Bc5 35. Na4 Bd6 36. h4 Nc5 37. h5 Be4 38. Nc3 Nd3 39. Rd2 Nb4+ 40. Ka1 Nc2+ 41. Rxc2 Bxc2 42. Ka2 Be4 43. b4 Qc4+ 44. Kxa3 Bxb4+ 45. Ka4 Bxc3+ 0-1


[Site "https://www.chess.com"]

[Event "Titled Tuesday Blitz April 05 Early 2022"]
[White "Garv Gaur"]
[Black "Simonovic, Miroslav"]
[WhiteFideId "45030839"]
[BlackFideId "919152"]
[WhiteElo "1950"]
[BlackElo "2043"]
[Result "1-0"]
[Round "06"]
[TimeControl "180+1"]
[Date "2022.04.05"]
[WhiteClock "0:01:04"]
[BlackClock "0:00:19"]

1. d4 Nf6 2. Nf3 c5 3. c4 b6 4. d5 d6 5. Nc3 Nbd7 6. e4 g6 7. Bd3 Bg7 8. O-O O-O 9. Re1 Ng4 10. Bf4 Nge5 11. Bf1 a6 12. a4 Rb8 13. Bg3 Nxf3+ 14. Qxf3 Ne5 15. Qe2 Bg4 16. f3 Bd7 17. f4 Ng4 18. h3 Nh6 19. Bf2 b5 20. axb5 axb5 21. Nxb5 Bxb5 22. cxb5 Ra8 23. Qc2 Ra5 24. Qd2 Ra8 25. Ra6 Rxa6 26. bxa6 Qb6 27. Ra1 Ra8 28. Ra2 f5 29. e5 dxe5 30. fxe5 Nf7 31. d6 exd6 32. e6 Ne5 33. Qd5 Qc6 34. Qxc6 Nxc6 35. Bb5 Na7 36. Bc4 Kf8 37. b4 Bd4 38. Bxd4 cxd4 39. b5 Nc8 40. Bd5 Ra7 41. Bb7 Nb6 42. Rd2 Ke7 43. Rxd4 Kxe6 44. Rd1 Nd7 45. Bc8 Kf6 46. Bxd7 Rxd7 47. b6 d5 48. a7 1-0


[Site "https://www.chess.com"]

[Event "Titled Tuesday Blitz April 05 Early 2022"]
[White "Gatterer, Florian"]
[Black "Sellitti, Federico"]
[WhiteFideId "811688"]
[BlackFideId "821829"]
[WhiteElo "2218"]
[BlackElo "2551"]
[Result "0-1"]
[Round "06"]
[TimeControl "180+1"]
[Date "2022.04.05"]
[WhiteClock "0:00:15"]
[BlackClock "0:00:08"]

1. Nf3 Nf6 2. d4 d5 3. g3 g6 4. Bg2 Bg7 5. O-O O-O 6. c4 c6 7. Qb3 dxc4 8. Qxc4 Nbd7 9. Nc3 Nb6 10. Qd3 Nfd5 11. e4 Nxc3 12. bxc3 e5 13. Be3 Be6 14. Nd2 Qd7 15. a4 Rad8 16. a5 Nc8 17. Nf3 f5 18. Bg5 Rde8 19. exf5 gxf5 20. Qc2 e4 21. Ne5 Bxe5 22. dxe5 Bc4 23. Rfd1 Bd3 24. Qb3+ Qf7 25. Qxf7+ Kxf7 26. Bf4 Ne7 27. Bf1 Rd8 28. Bxd3 exd3 29. Rab1 Rd7 30. c4 Ke6 31. Rb3 Rfd8 32. Rd2 Ng6 33. h3 Nxe5 34. Bxe5 Kxe5 35. Kg2 Rd4 36. Kf3 R8d7 37. Rc3 b6 38. axb6 axb6 39. h4 h5 40. Rb3 Rxc4 41. Rbxd3 Rxd3+ 42. Rxd3 b5 43. Rd8 b4 44. Ke3 Rc3+ 45. Kd2 c5 46. Ke2 Rc2+ 47. Ke3 b3 48. f4+ Ke6 49. Rb8 c4 50. Kd4 b2 51. Rb6+ Kd7 52. Kd5 c3 53. Ke5 Rc1 54. Rb7+ Kc8 55. Rb4 b1=Q 56. Rc4+ Kb7 57. Kf6 Qb3 58. Rc5 Qb6+ 59. Kg5 Qxc5 60. Kxh5 Rd1 61. Kg5 Rd3 62. h5 Rxg3+ 63. Kf6 Qd6+ 64. Kf7 Re3 65. Kg8 Re7 66. h6 Qd8# 0-1


[Site "https://www.chess.com"]

[Event "Titled Tuesday Blitz April 05 Early 2022"]
[White "Girinath, P.D.S."]
[Black "Hua, Lefong"]
[WhiteFideId "5000572"]
[BlackFideId "2602253"]
[WhiteElo "2369"]
[BlackElo "2586"]
[Result "0-1"]
[Round "06"]
[TimeControl "180+1"]
[Date "2022.04.05"]
[WhiteClock "0:00:06"]
[BlackClock "0:00:07"]

1. e4 c5 2. Nf3 g6 3. c3 Nc6 4. d4 d5 5. exd5 Qxd5 6. Be3 cxd4 7. cxd4 Nf6 8. Nc3 Qa5 9. d5 Nb8 10. Bb5+ Bd7 11. a4 Bg7 12. O-O O-O 13. Ne5 Qd8 14. f4 a6 15. Be2 h5 16. h3 Bf5 17. Bf3 Ne8 18. a5 Nd6 19. Qb3 Bc8 20. Na4 Nd7 21. Nb6 Nxb6 22. Bxb6 Qe8 23. Rac1 Nb5 24. Rfd1 Bd7 25. Be2 Rc8 26. Kh2 h4 27. Bc4 Nd6 28. Qb4 Bf5 29. b3 Kh7 30. Bc5 Rb8 31. Nf3 Bf6 32. Ng5+ Bxg5 33. fxg5 Qd7 34. Be2 Kg8 35. Qxh4 f6 36. gxf6 exf6 37. Qg3 Rbd8 38. Bxd6 Qxd6 39. Qxd6 Rxd6 40. Rc7 Bc8 41. Rdc1 Bf5 42. Rxb7 Rfd8 43. Bc4 Kf8 44. Rb6 Ke7 45. Re1+ Kf8 46. g4 Bc2 47. Kg3 f5 48. Bxa6 Rxd5 49. Bc4 Rxa5 50. Rxg6 f4+ 51. Kxf4 Bxg6 52. Re6 Bf7 53. Rf6 Rd7 54. g5 Kg7 55. Rc6 Bxc4 56. Rxc4 Rad5 57. h4 Rd4+ 58. Rxd4 Rxd4+ 59. Kf5 Rxh4 60. Ke5 Rb4 61. Kd6 Rxb3 62. Kc5 Rg3 0-1


[Site "https://www.chess.com"]

[Event "Titled Tuesday Blitz April 05 Early 2022"]
[White "Gontcharov, Vladislav"]
[Black "Barbashin, Igor"]
[WhiteFideId "4123492"]
[BlackFideId "4155718"]
[WhiteElo "2488"]
[BlackElo "2138"]
[Result "1-0"]
[Round "06"]
[TimeControl "180+1"]
[Date "2022.04.05"]
[WhiteClock "0:00:11"]
[BlackClock "0:00:09"]

1. e4 d5 2. exd5 Nf6 3. d4 Nxd5 4. c4 Nb6 5. Nc3 e5 6. Nf3 exd4 7. Nxd4 Bb4 8. Qe2+ Qe7 9. Qxe7+ Kxe7 10. Nb5 Na6 11. Bd2 c6 12. Nd4 Rd8 13. Nc2 Bc5 14. Ne3 Nb4 15. O-O-O Nd3+ 16. Bxd3 Rxd3 17. Rhe1 Rd7 18. Ne4 Bxe3 19. Bxe3 Rxd1+ 20. Kxd1 Nxc4 21. Bc5+ Kd8 22. b3 Nb6 23. Nd6 Be6 24. Nxb7+ Kc7 25. Na5 Rd8+ 26. Kc1 Rd5 27. Bb4 Rf5 28. f3 c5 29. Bc3 c4 30. b4 f6 31. Kc2 Kd7 32. Nb7 Bf7 33. Nc5+ Kd8 34. Ne4 Rd5 35. g4 Bg6 36. Kb2 Rd3 37. Rf1 Rxf3 38. Rxf3 Bxe4 39. Re3 Bc6 40. Bd4 Kc7 41. Bxb6+ Kxb6 42. Re7 Kb5 43. Kc3 Bd5 44. Rxg7 Kc6 45. Rxh7 a5 46. Rh6 1-0


[Site "https://www.chess.com"]

[Event "Titled Tuesday Blitz April 05 Early 2022"]
[White "Goryachkina, Aleksandra"]
[Black "Jaskolka, Tomasz"]
[WhiteFideId "4147103"]
[BlackFideId "1170791"]
[WhiteElo "2426"]
[BlackElo "2073"]
[Result "1-0"]
[Round "06"]
[TimeControl "180+1"]
[Date "2022.04.05"]
[WhiteClock "0:00:36"]
[BlackClock "0:00:16"]

1. e4 e6 2. d4 d5 3. Nd2 Nf6 4. e5 Nfd7 5. Bd3 c5 6. c3 Nc6 7. Ne2 cxd4 8. cxd4 f6 9. exf6 Nxf6 10. Nf3 Bd6 11. O-O Qc7 12. Bg5 O-O 13. Bh4 Nh5 14. Rc1 Nf4 15. Nxf4 Bxf4 16. Bg3 Bxg3 17. hxg3 g6 18. Bb5 Qd6 19. Bxc6 bxc6 20. Ne5 Bb7 21. Qd2 Rac8 22. Rc5 Rc7 23. Re1 Kg7 24. a3 Re7 25. Qb4 Ba8 26. Rec1 Rb8 27. Qd2 Rc7 28. b4 a6 29. Qc3 Rbc8 30. a4 Rb8 31. b5 axb5 32. axb5 Rb6 33. bxc6 h5 34. Ra5 Rbxc6 35. Nxc6 Rxc6 36. Rc5 Rxc5 37. dxc5+ d4 38. cxd6 dxc3 39. d7 c2 40. d8=Q 1-0


[Site "https://www.chess.com"]